 Dungeon Crawl Stone Soup version 0.18-a0-1788-g92de1ac (webtiles) character file.

62 macross the Stinger (level 3, 0/24 HPs)
             Began as a Demonspawn Venom Mage on Apr 21, 2016.
             Killed from afar by a dart slug (3 damage)
             ... with a slug dart
             ... on level 2 of the Dungeon.
             The game lasted 00:12:27 (2159 turns).

macross the Stinger (Demonspawn Venom Mage)         Turns: 2159, Time: 00:12:28

Health: 0/24       AC:  3    Str:  8    XL:     3   Next: 85%
Magic:  1/6        EV: 12    Int: 17    God:
Gold:   43         SH:  0    Dex: 13    Spells: 2 memorised, 3 levels left

rFire  . . .     SeeInvis .     d - +0 dagger
rCold  . . .     Gourm    .     i - +0 robe (curse)
rNeg   . . .     Faith    .     (no shield)
rPois  .         Spirit   .     (no helmet)
rElec  .         Dismiss  .     (no cloak)
rCorr  .         Reflect  .     (no gloves)
SustAt .         Harm     .     g - +0 pair of boots
MR     .....                    (no amulet)
Stlth  ++........               (no ring)
                                (no ring)

@: not resistant to hostile enchantments, unstealthy
A: powered by pain 1, sturdy frame 1
a: no special abilities


You were on level 2 of the Dungeon.
You were completely stuffed.

You visited 1 branch of the dungeon, and saw 2 of its levels.

You collected 43 gold pieces.

Inventory:

Hand Weapons
 d - a +0 dagger (weapon)
Armour
 a - a +0 robe
 g - a +0 pair of boots (worn)
 i - a cursed +0 robe (worn)
Scrolls
 j - 2 scrolls of recharging
Potions
 e - a potion of cancellation
 f - a potion of lignification {unknown}
 h - a potion of might {unknown}
 m - a potion of degeneration
Books
 b - a Young Poisoner's Handbook

   Spells                             Type                      Level
   a - Sting                          Conjuration/Poison           1
   b - Cure Poison                    Poison                       2
   c - Mephitic Cloud                 Conjuration/Poison/Air       3
   d - Olgreb's Toxic Radiance        Poison                       4
   e - Venom Bolt                     Conjuration/Poison           5
Comestibles
 c - a bread ration
 l - a beef jerky
 n - a meat ration


   Skills:
 + Level 0.2 Fighting
 + Level 0.1 Short Blades
 + Level 2.2 Dodging
 + Level 2.0 Stealth
 + Level 2.4 Spellcasting
 + Level 0.4 Conjurations
 + Level 4.7 Poison Magic


You had 3 spell levels left.
You knew the following spells:

 Your Spells              Type           Power        Failure   Level  Hunger
a - Sting                 Conj/Pois      ##..         10%         1    #......
b - Cure Poison           Pois           ###.......   4%          2    ##.....


Dungeon Overview and Level Annotations

Branches:
Dungeon (2/15)

Altars:


Innate Abilities, Weirdness & Mutations

You sometimes gain a little power by taking damage.
Your movements are slightly less encumbered by armour (ER -2).


Message History

The slug dart hits you!
* * * LOW HITPOINT WARNING * * *
Your magical contamination has completely faded away.
Casting: Sting
Confirm with . or Enter, or press ? or * to list all spells.
Aiming: Sting
Press: ? - help, Shift-Dir - straight line, f/p - worm
Aim: a worm (lightly wounded)
The sting hits the worm.
The worm is poisoned.
The worm is lightly wounded.
Unknown command.
The giant newt barely misses you.
You hit the giant newt but do no damage.
The giant newt bites you but does no damage.
You miss the giant newt. The giant newt closely misses you.
You hit the giant newt.
You kill the giant newt!
The dart slug launches a dart at you. The slug dart hits you!
You die...

#...#.###...............
#...#.#.......###...$...
#.............# #.##..#.
#..#.....###..# #.##..##
#........###..# #.##..#
#......... >..# #.##..#
####.....####.###.##..##
##...# #.##........
#..@#####......###..
#......##..#.).# #..
#...##w##..##..###..
##.w##.##.....w.....
#.......w.w..#......
#...##.###.#........
#...##.# #.######...
#...#... #.# #รท..
#.......##)#######.#


You could see a worm and a dart slug.

Vanquished Creatures
  2 adders (D:2)
  2 oozes (D:1)
  A worm (D:2)
  2 giant cockroaches
  4 goblins (D:1)
  6 hobgoblins
  4 kobolds
  7 bats
  A giant newt (D:2)
  3 rats
32 creatures vanquished.

Notes
Turn   | Place    | Note
--------------------------------------------------------------
     0 | D:1      | macross the Demonspawn Venom Mage began the quest for the Orb.
     0 | D:1      | Reached XP level 1. HP: 13/13 MP: 3/3
   344 | D:1      | Gained mutation: Your movements are slightly less encumbered by armour (ER -2). [demonic ancestry]
   344 | D:1      | Reached XP level 2. HP: 19/19 MP: 0/5
  1247 | D:2      | Learned a level 2 spell: Cure Poison
  1518 | D:2      | Gained mutation: You sometimes gain a little power by taking damage. [demonic ancestry]
  1518 | D:2      | Reached XP level 3. HP: 22/24 MP: 1/6
  2159 | D:2      | Killed from afar by a dart slug

Vault maps used:
D:1:      dpeg_arrival_short_road, minivault_27

Skill      XL: |  1  2  3 |
---------------+----------+-----
Dodging        | 2 |  2.2
Stealth        | 2 |  2.0
Fighting       | |  0.2
Short Blades   | |  0.1
Spellcasting   | |  2.4
Conjurations   | |  0.4
Poison Magic   | |  4.7

Action                   || total
-------------------------++-------
Melee: Dagger            ||    91
 Cast: Sting             ||    62
       Cure Poison       ||     2
  Use: Scroll            ||     8
 Stab: Sleeping          ||     1
  Eat: Bread ration      ||     1
       Meat ration       ||     2
Armor: Robe              ||    24
Dodge: Dodged            ||    67
